Map: Oxide LE

Players

UnBizon

  • Race: Zerg Zerg
  • League: Platinum
  • Spawn Location: 7:00

Massa - Winner!

  • Race: Terran Terran
  • League: Platinum
  • Spawn Location: 1:00

VOD

Have the link to the VOD?

Description

Time

  • Played on: Feb. 10, 2021, 12:08 p.m.
  • Length: 17:00
Show
View Real Time Build Order
Export as new Build Order

UnBizon Zerg 

Build Orders: Pool First 

Get SALT Encoding   

  12  0:00  Drone  
  13  0:08  Drone  
  14  0:17  Overlord  
  15  0:35  Drone x2  
  15  0:36  Drone  
  17  0:44  Spawning Pool  
  17  0:47  Drone  
  17  0:57  Drone  
  18  1:06  Extractor  
  18  1:08  Drone  
  18  1:22  Drone  
  19  1:31  Queen  
  21  1:34  Hatchery  
  20  1:43  Roach Warren  
  19  1:48  Drone  
  19  1:49  Overlord  
  19  1:52  Zergling x2  
  21  2:07  Drone  
  22  2:17  Zergling x2  
  23  2:23  Roach  
  25  2:36  Roach  
  26  2:39  Extractor  
  26  2:40  Roach x2  
  29  2:47  Queen  
  29  2:48  Drone  
  32  2:53  Roach  
  32  2:55  Overlord  
  34  3:05  Drone  
  35  3:07  Drone  
  36  3:13  Overlord  
  36  3:17  Roach x2  
  40  3:25  Drone  
  41  3:29  Drone  
  41  3:31  Lair  
  42  3:35  Drone  
  42  3:36  Drone  
  44  3:53  Drone x2  
  44  3:54  Evolution Chamber  
  44  4:04  Roach x2  
  44  4:08  Roach x2  
  44  4:09  Overlord  
  52  4:22  Spore Crawler  
  51  4:38  Drone  
  51  4:39  Drone x3, Spire  
  51  4:40  Drone  
  51  4:42  Drone, Extractor  
  51  4:43  Extractor  
  54  4:49  Drone  
  54  4:50  Drone  
  54  5:14  Drone x3  
  54  5:15  Drone x3  
  60  5:28  Overlord x3  
  60  5:50  Mutalisk x2  
  60  5:51  Mutalisk x4  
  60  5:53  Mutalisk  
  74  6:02  Overseer  
  74  6:04  Drone  
  74  6:05  Drone x3  
  78  6:13  Drone x2  
  78  6:14  Drone  
  81  6:24  Zerg Ground Armor Level 1  
  81  6:25  Roach  
  83  6:26  Overlord  
  83  6:29  Drone  
  84  6:35  Overlord  
  82  6:59  Roach x4  
  82  7:00  Drone x3  
  89  7:29  Overseer  
  87  7:33  Spore Crawler  
  87  7:35  Drone  
  87  7:36  Roach x2  
  89  7:39  Roach x2  
  89  7:40  Roach  
  91  7:49  Drone  
  90  7:52  Queen  
  92  8:00  Spore Crawler, Roach  
  92  8:01  Glial Reconstitution  
  93  8:07  Overlord  
  93  8:09  Drone x3  
  96  8:27  Roach  
  96  8:28  Roach x2  
  96  8:32  Drone x2  
  98  8:55  Zerg Ground Armor Level 2  
  98  9:02  Roach x3  
  104  9:05  Hatchery  
  103  9:38  Ravager x5, Infestation Pit  
  108  9:41  Ravager  
  108  9:43  Overlord x3  
  108  9:44  Overlord  
  108  10:21  Hive  
  108  10:24  Drone  
  110  10:28  Drone x3  
  110  10:29  Drone x3  
  110  10:31  Drone  
  116  10:48  Overlord  
  116  10:57  Ravager x2  
  118  11:09  Drone x2  
  120  11:12  Extractor  
  120  11:14  Extractor  
  118  11:21  Zerg Melee Weapons Level 1  
  118  11:28  Drone x2  
  120  11:38  Ultralisk Cavern  
  119  11:51  Drone x2  
  119  11:53  Roach x3  
  125  12:08  Queen  
  125  12:14  Overlord x3  
  125  12:15  Overlord  
  127  12:21  Drone, Spore Crawler  
  127  12:22  Drone x2  
  129  12:26  Ultralisk x4  
  129  12:27  Chitinous Plating  
  153  12:38  Overseer  
  153  12:40  Overseer  
  153  12:51  Ultralisk  
  153  12:52  Ultralisk x3  
  153  12:53  Overlord x2  
  177  13:09  Overlord x2  
  177  13:10  Overlord  
  114  13:41  Ultralisk x7  
  141  14:05  Anabolic Synthesis  
  141  14:10  Hatchery  
  133  14:21  Hatchery  
  97  14:40  Ultralisk x3  
  112  14:49  Overseer  
  112  14:50  Overseer  
  112  14:56  Overlord x3  
  106  15:28  Ultralisk x2  
  70  15:43  Drone x3  
  70  15:47  Drone x2  
  75  16:06  Roach x2  
  75  16:07  Roach x3  
  73  16:33  Hatchery  
  73  16:37  Roach x3  
Show
View Real Time Build Order
Export as new Build Order

Massa Terran - Winner!

Build Orders:  

Get SALT Encoding   

  12  0:00  SCV  
  13  0:12  SCV  
  14  0:21  Supply Depot  
  14  0:25  SCV  
  15  0:42  SCV  
  16  0:45  Barracks  
  16  0:49  Refinery  
  16  0:54  SCV  
  17  1:06  SCV  
  18  1:18  SCV  
  19  1:31  SCV  
  20  1:36  Bunker  
  20  1:39  Reaper, Barracks  
  21  1:44  Orbital Command  
  21  1:50  Supply Depot  
  21  2:10  SCV  
  22  2:17  Barracks Reactor  
  22  2:27  Marine  
  22  2:30  Command Center  
  22  2:51  Factory  
  22  2:52  SCV  
  22  2:53  Marine x2  
  22  2:55  Marine  
  26  3:03  Supply Depot  
  26  3:04  SCV  
  27  3:11  Marine x2  
  29  3:16  SCV  
  30  3:21  Refinery  
  30  3:28  Barracks Tech Lab  
  30  3:37  Starport, Factory Tech Lab  
  30  3:44  SCV  
  30  3:45  Orbital Command  
  31  3:49  Marine  
  31  3:50  Marine x2  
  34  4:05  Siege Tank  
  34  4:07  Marine  
  34  4:08  Marine x2  
  40  4:12  SCV x2  
  42  4:22  Starport Tech Lab  
  42  4:24  SCV  
  42  4:25  SCV, Marine  
  42  4:26  Marine x2  
  47  4:36  SCV  
  47  4:37  SCV  
  52  4:39  Widow Mine  
  52  4:43  Marine  
  52  4:44  Marine x2  
  54  4:47  Cloaking Field  
  54  4:51  Supply Depot  
  54  5:02  SCV  
  54  5:12  Banshee, Marine x2  
  54  5:13  Marauder  
  61  5:16  Supply Depot  
  61  5:35  SCV  
  61  5:37  SCV, Siege Tank  
  66  5:48  SCV  
  66  5:49  SCV  
  68  5:52  Engineering Bay  
  68  5:53  Marine x2  
  68  5:54  Command Center  
  70  5:59  Factory  
  70  6:06  Supply Depot  
  70  6:10  Refinery  
  70  6:11  Supply Depot  
  70  6:28  SCV x2, Marine x2, Medivac, Stimpack  
  76  6:37  Missile Turret  
  76  6:40  SCV x2  
  77  6:49  Factory Reactor  
  77  6:52  Widow Mine, SCV x2  
  77  7:14  Widow Mine  
  75  7:36  Marine  
  75  7:37  Marauder, Marine  
  78  7:39  Widow Mine x2  
  80  7:54  Marine x2  
  80  7:58  Marauder  
  84  7:59  Barracks  
  84  8:01  Widow Mine x2, Starport Reactor  
  88  8:08  Missile Turret  
  88  8:12  Marine x2  
  88  8:19  Marine  
  85  8:30  Marine x2  
  87  8:37  Marine  
  85  8:45  Combat Shield  
  85  8:59  Marine  
  85  9:00  Marine x3  
  89  9:06  Refinery  
  89  9:17  Marine, Siege Tank  
  89  9:18  Marine x3  
  89  9:22  SCV x2  
  98  9:34  SCV x2  
  98  9:35  Marine  
  101  9:39  Concussive Shells  
  101  9:44  Terran Infantry Weapons Level 1  
  101  9:47  Armory  
  101  9:50  Engineering Bay  
  101  9:53  Supply Depot x2  
  101  9:54  Supply Depot  
  101  10:01  Refinery  
  101  10:03  Refinery  
  101  10:10  Missile Turret  
  101  10:12  Missile Turret  
  101  10:14  SCV x3, Marine x4, Medivac  
  101  10:17  Supply Depot  
  101  10:20  Supply Depot  
  110  10:24  Barracks  
  110  10:25  Terran Infantry Armor Level 1  
  110  10:26  SCV x2, Barracks x2  
  113  10:32  Marine x4, Planetary Fortress  
  116  10:38  Missile Turret  
  116  10:39  SCV x2  
  120  10:43  Widow Mine x2  
  120  10:46  Drilling Claws  
  122  10:50  Marine x4  
  122  10:51  SCV x2  
  128  11:03  SCV x2  
  132  11:04  Widow Mine x2  
  132  11:05  Sensor Tower  
  132  11:07  Marine x2  
  132  11:08  Marauder x2  
  140  11:13  Barracks Reactor, Missile Turret x2, Terran Vehicle Weapons Level 1  
  140  11:15  Barracks Reactor, Barracks Tech Lab, SCV  
  141  11:32  Missile Turret  
  141  11:35  Missile Turret  
  141  11:38  Supply Depot  
  141  11:40  Command Center, Supply Depot x2  
  141  11:41  Supply Depot  
  141  11:59  SCV x3, Marine, Medivac  
  141  12:00  Widow Mine  
  149  12:01  Marauder, Medivac  
  149  12:02  Marauder x2  
  149  12:03  Supply Depot  
  149  12:04  Smart Servos  
  149  12:06  Widow Mine  
  159  12:10  Supply Depot  
  159  12:11  SCV x3  
  162  12:24  SCV  
  162  12:29  Medivac  
  165  12:42  Widow Mine x2  
  165  12:43  Terran Infantry Armor Level 2, Terran Infantry Weapons Level 2  
  169  12:50  Medivac  
  171  12:59  Medivac  
  164  13:20  Medivac  
  131  13:33  Marauder x3, Marine  
  106  13:54  Marauder, Siege Tank  
  106  13:55  Widow Mine x2, Marauder x2  
  115  13:56  Marine  
  115  13:57  Marine x5  
  121  14:14  Marine x3  
  121  14:15  Marine x3  
  121  14:16  Marauder x3  
  132  14:17  Widow Mine  
  123  14:26  Siege Tank  
  123  14:30  Widow Mine  
  122  14:32  Marine x4  
  122  14:37  Marauder  
  122  14:38  Marauder x2  
  130  14:46  Planetary Fortress  
  130  14:47  SCV x2  
  130  14:48  SCV  
  133  14:58  Marauder, Siege Tank  
  133  14:59  SCV, Marauder  
  142  15:00  SCV x2  
  143  15:11  SCV  
  143  15:12  SCV x2  
  144  15:24  SCV x3  
  133  15:31  Siege Tank  
  131  15:36  SCV x2  
  131  15:40  Marauder x2, Marine  
  131  15:41  Marauder, Marine x4  
  144  15:46  Medivac x2  
  148  16:01  Marauder x2  
  148  16:02  Widow Mine  
  148  16:03  Widow Mine, Siege Tank  
  148  16:04  Marauder, Marine x4  
  165  16:23  Marauder x2  
  165  16:24  Widow Mine x2  
  165  16:25  Marauder  
Tags
 
Matchup
TvZ
Opening
Pool First
Replay Pack
Multiplayer
Spawn Locations
Cross Positions
Add a new tag
Caveats
  • Supply blocks, unpowered buildings, or Contaminate may cause inaccurate times.
  • Supply counts are checked every 10 seconds.